 Dungeon Crawl Stone Soup version 0.27.1-4-g1640c2035a (webtiles) character file.

Game seed: 2245207743494466455

42 FreshCat the Insei (level 3, -1/23 HPs)
             Began as an Octopode Transmuter on Oct 31, 2021.
             Was an Initiate of Uskayaw.
             Slain by a worm (7 damage)
             ... on level 2 of the Dungeon.
             The game lasted 00:06:06 (1501 turns).

FreshCat the Insei (Octopode Transmuter)            Turns: 1501, Time: 00:06:07

Health: -1/23      AC:  1    Str: 10    XL:     3   Next: 56%
Magic:  1/6        EV: 13    Int: 15    God:    Uskayaw [......]
Gold:   35         SH:  0    Dex: 12    Spells: 0/6 levels left

rFire    . . .     SeeInvis .     - Unarmed
rCold    . . .     Faith    .   (no shield)
rNeg     . . .     Spirit   .   (helmet restricted)
rPois    .         Reflect  .   (no amulet)
rElec    .         Harm     .   a - ring of resist corrosion
rCorr    +         Rampage  .   d - ring of wizardry
Will     .....                  (no ring)
Stlth    +++.......             (no ring)
HPRegen  0.07/turn              (no ring)
MPRegen  0.10/turn              (no ring)
                                (no ring)
                                (no ring)

@: wereblooded
A: almost no armour, amphibious, 8 rings, camouflage 1, gelatinous body 1,
(nimble swimmer 1), tentacles
a: Renounce Religion


You were on level 2 of the Dungeon.
You worshipped Uskayaw.
Uskayaw was noncommittal.
You visited 1 branch of the dungeon, and saw 2 of its levels.

You collected 35 gold pieces.

Inventory:

Missiles
 f - 49 stones
Jewellery
 a - a ring of resist corrosion (left tentacle)
 d - a ring of wizardry (right tentacle)
 h - an amulet of guardian spirit
Scrolls
 b - a scroll of amnesia {unknown}
 c - a scroll of silence {unknown}
 e - a scroll of teleportation {unknown}
Potions
 g - a potion of heal wounds {unknown}


   Skills:
 + Level 1.1 Fighting
 + Level 2.2 Dodging
 + Level 1.1 Stealth
 + Level 3.6 Unarmed Combat
 + Level 2.3 Spellcasting
 + Level 2.4 Transmutations


You couldn't memorise any spells.
You knew the following spells:

 Your Spells              Type           Power      Damage    Failure   Level
a - Beastly Appendage     Tmut           18%        N/A       3%          1
b - Spider Form           Tmut/Pois      2%         N/A       16%         3
c - Wereblood             Tmut           9%         N/A       4%          2

Your spell library contained the following spells:

 Spells                   Type           Power      Damage    Failure   Level
 Ice Form                 Ice/Tmut       5%         N/A       45%         4


Dungeon Overview and Level Annotations

Branches:
Dungeon (2/15)

Altars:
Uskayaw


Innate Abilities, Weirdness & Mutations

You cannot wear most types of armour.
You are amphibious.
You can wear up to eight rings at the same time.
Your skin changes colour to match your surroundings (Stealth+).
Your rubbery body absorbs attacks. (AC +1, EV +1)
((You are camouflaged near water. (Stealth+)))
You have tentacles for arms and can constrict up to eight enemies at once.


Message History

f - 49 stones (gained 5);
h - an amulet of guardian spirit
Things that are here:
a +0 short sword; a kobold corpse A quokka and a dart slug come into view.
A worm comes into view.
Found a scroll labelled PALUDE ZAJU.
A goblin comes into view. It is wielding a +0 club.
Found 7 gold pieces.
Found two stone staircases leading down.
The worm bites you!
You tentacle-slap the worm. You grab the worm.
The worm is moderately wounded.
You constrict the worm.
The goblin shouts!
A quokka comes into view. x2
The worm bites you.
You are too injured to fight recklessly!
You release your grip on the worm.
The goblin hits you with a +0 club.
You stomp with the beat, sending a shockwave through the revellers around you!
The goblin is severely wounded.
You can no longer stomp with the beat.
You bludgeon the goblin!
You kill the goblin!
Your Stealth skill increases to level 1!
Okay, then.
Casting: Beastly Appendage (safe; 3% risk of failure)
Confirm with . or Enter, or press ? or * to list all spells.
The spell is extremely dangerous to cast (16% risk of failure)!
Continue anyway?
Okay, then.
Casting: Spider Form (extremely dangerous; 16% risk of failure)
Confirm with . or Enter, or press ? or * to list all spells.
Your blood is infused with primal strength.
You tentacle-slap the worm. You grab the worm.
The worm is moderately wounded.
You constrict the worm. The worm bites you.
* * * LOW HITPOINT WARNING * * *
You tentacle-slap the worm.
The worm is moderately wounded.
You constrict the worm. The worm bites you!
You die...

##...♣♣. #.# #..PP♣♣. #.#
#...♣... #.# ##.....#
##.##### ##..#.# # ... ..#
##...# . >## #.# #.# ###.#
. .....##.###.### #.#
#....rw@....##########.#
....?.#r###..............#
.#... #.# #...############
.... ..$ #...# ..> ..##
#...# .. ... .....# r ....
#.....# ....# #####.# #.#


You could see a worm and 2 quokkas.

Vanquished Creatures
  An adder (D:1)
  A dart slug (D:1)
  5 ball pythons (D:1)
  2 giant cockroaches
  3 goblins
  3 hobgoblins (D:1)
  4 quokkas (D:1)
  3 bats (D:1)
  3 kobolds
  5 rats (D:1)
30 creatures vanquished.

Notes
Turn   | Place    | Note
-------+----------+-------------------------------------------
     0 | D:1      | FreshCat the Octopode Transmuter began the quest for the
                  | Orb.
     0 | D:1      | Reached XP level 1. HP: 13/13 MP: 3/3
   134 | D:1      | Reached XP level 2. HP: 15/18 MP: 3/5
   355 | D:1      | Found a faded altar of an unknown god.
   380 | D:1      | Became a worshipper of Uskayaw the Reveller
   380 | D:1      | Reached * piety under Uskayaw
   523 | D:1      | Reached ** piety under Uskayaw
   711 | D:1      | Reached XP level 3. HP: 11/23 MP: 1/6
  1082 | D:1      | Learned a level 3 spell: Spider Form
  1098 | D:1      | Learned a level 2 spell: Wereblood
  1266 | D:1      | You fall into a shaft and drop 1 floor!
  1499 | D:2      | Reached skill level 1 in Stealth
  1501 | D:2      | Slain by a worm

Illustrated notes

Levels and vault maps discovered:
D:1:      onia_arrival_pentagram, layout_basic,
          hellmonk_ecumenical_altar_heavens_door
D:2:      layout_loops_ring, serial_park_tiny_2, grunt_ministairs_6

Skill      XL: |  1  2  3 |
---------------+----------+-----
Stealth        | 1 |  1.1
Fighting       | |  1.1
Dodging        | |  2.2
Unarmed Combat | |  3.6
Spellcasting   | |  2.3
Transmutations | |  2.4

Action                   || total
-------------------------++-------
Melee: Unarmed           ||    71
       Constrict         ||    20
       Kick              ||     7
       Tentacles         ||     7
 Cast: Beastly Appendage ||     4
       Wereblood         ||     1
Invok: Stomp             ||     2
 Stab: Sleeping          ||     7
Armor: Skin              ||     6
Dodge: Dodged            ||    50
